 Dungeon Crawl Stone Soup version 0.24.0-123-gd5b16e6ec5 (webtiles) character file.

Game seed: 10246597300765845502, levelgen mode: deterministic

198 eccles the Slasher (level 5, 0/42 HPs)
             Began as a Demonspawn Abyssal Knight on Jan 21, 2020.
             Was a Believer of Lugonu.
             Killed by nerve-wracking pain
             ... invoked by Grinder
              (7 damage)
             ... on level 3 of the Dungeon.
             The game lasted 00:11:34 (2208 turns).

eccles the Slasher (Demonspawn Abyssal Knight)      Turns: 2208, Time: 00:11:34

Health: 0/42       AC:  5    Str: 14    XL:     5   Next: 47%
Magic:  6/6        EV:  7    Int: 13    God:    Lugonu [**....]
Gold:   100        SH:  7    Dex: 12    Spells: 4/4 levels left

rFire    . . .     SeeInvis .   a - +1 falchion
rCold    . . .     Gourm    .   p - +0 shield
rNeg     . . .     Faith    .   n - +0 ring mail
rPois    .         Spirit   .   (helmet restricted)
rElec    .         Reflect  .   (no cloak)
rCorr    .         Harm     .   (no gloves)
MR       .....                  (no boots)
Stlth    +.........             (no amulet)
HPRegen  0.14/turn              (no ring)
MPRegen  0.10/turn              (no ring)

@: flying
A: horns 2, powered by death 1
a: Depart the Abyss, Bend Space, Renounce Religion


You were on level 3 of the Dungeon.
You worshipped Lugonu.
Lugonu was pleased with you.
You were not hungry.

You visited 1 branch of the dungeon, and saw 3 of its levels.
You visited the Abyss 1 time.

You collected 100 gold pieces.

Inventory:

Hand Weapons
 a - a +1 falchion (weapon)
 b - a +0 hunting sling
 v - a +0 flail
Missiles
 h - 66 arrows
 i - 106 stones (quivered)
 k - 10 sling bullets
 r - 9 bolts
Armour
 n - a +0 ring mail (worn)
 p - a +0 shield (worn)
Jewellery
 o - an uncursed ring of stealth {unknown}
Scrolls
 d - 3 scrolls of remove curse {unknown}
 f - a scroll of amnesia {unknown}
 g - 2 scrolls of identify {unknown}
 j - a scroll of teleportation {unknown}
 m - a scroll of blinking {unknown}
 q - a scroll of random uselessness {unknown}
 s - a scroll of enchant armour {unknown}
Potions
 e - a potion of flight
 l - 2 potions of heal wounds {unknown}
 u - a potion of magic {unknown}
Comestibles
 c - 3 rations
 t - 12 chunks of flesh


   Skills:
 * Level 3.6 Fighting
 * Level 3.8 Long Blades
 + Level 0.2 Slings
 * Level 2.6 Armour
 + Level 1.1 Dodging
 + Level 1.2 Stealth
 + Level 0.3 Shields
 + Level 2.6 Invocations


You had 4 spell levels left.
You didn't know any spells.
Your spell library was empty.

Dungeon Overview and Level Annotations

Branches:
Dungeon (3/15)

Altars:
Trog

Annotations:
D:2 Natasha
D:3 Grinder


Innate Abilities, Weirdness & Mutations

You have a pair of horns on your head.
You regenerate a little health from kills.


Message History

You suddenly lose the ability to move!
Grinder gestures at you.
You shrug off the repeated paralysis!
Grinder hits you!
You writhe in agony.
Grinder hits you!
* * * LOW HITPOINT WARNING * * *
You writhe in agony.
* * * LOW HITPOINT WARNING * * *
Grinder hits you.
* * * LOW HITPOINT WARNING * * *
You writhe in agony.
* * * LOW HITPOINT WARNING * * *
Some of the chunks of flesh in your inventory have rotted away.
You can move again.
It was a potion of flight.
You feel very buoyant.
You fly up into the air.
Grinder gestures at you. Pain shoots through your body!
You die...

#....##.###.......
#..#.##.# #.......
#..#....# #.......
#..# #### ########
#..#####..
#>........
#......#..
#......# #@.....#
#5.....# .(.......
.(....####.
.((....# ........#
.....(...#
......(...#


You could see Grinder.

Vanquished Creatures
  Natasha (D:2)
  Robin (D:2)
  4 gnolls (D:3)
  7 adders
  A dart slug (D:1)
  2 worms (D:3)
  5 leopard geckos
  A giant cockroach (D:2)
  2 hobgoblins
  3 jackals (D:2)
  4 kobolds
  A ball python (D:3)
  A frilled lizard (D:1)
  17 goblins
  6 rats
56 creatures vanquished.

Vanquished Creatures (others)
  A leopard gecko (D:2)
1 creature vanquished.

Grand Total: 57 creatures vanquished

Notes
Turn   | Place    | Note
-------+----------+-------------------------------------------
     0 | Abyss:1  | eccles the Demonspawn Abyssal Knight began the quest for
                  | the Orb.
     0 | Abyss:1  | Reached XP level 1. HP: 18/18 MP: 2/2
    44 | Abyss:1  | Noticed a slime creature
    45 | D:1      | Escaped the Abyss
   274 | D:1      | Reached * piety under Lugonu
   444 | D:1      | Gained mutation: You have a pair of small horns on your
                  | head. [demonic ancestry]
   444 | D:1      | Reached XP level 2. HP: 24/24 MP: 3/3
   640 | D:2      | Reached skill level 1 in Stealth
   830 | D:2      | Reached XP level 3. HP: 26/29 MP: 4/4
  1203 | D:2      | Reached skill level 1 in Dodging
  1204 | D:2      | Gained mutation: You regenerate a little health from kills.
                  | [demonic ancestry]
  1204 | D:2      | Reached XP level 4. HP: 33/35 MP: 5/5
  1250 | D:2      | Noticed Natasha
  1266 | D:2      | Killed Natasha
  1421 | D:2      | Noticed Robin
  1460 | D:2      | Reached ** piety under Lugonu
  1473 | D:2      | Killed Robin
  1549 | D:2      | Found a bloodstained altar of Trog.
  1886 | D:2      | Noticed Natasha
  1983 | D:3      | Found a bloodstained altar of Trog.
  1998 | D:3      | Gained mutation: You have a pair of horns on your head.
                  | [demonic ancestry]
  1998 | D:3      | Reached XP level 5. HP: 34/41 MP: 6/6
  2184 | D:3      | Noticed Grinder
  2203 | D:3      | Paralysed by Grinder for 5 turns
  2208 | D:3      | Killed from afar by Grinder

Levels and vault maps discovered:
D:1:      evilmike_arrival_crescent, layout_basic, serial_aquarium,
          aquarium_bridge_square [aquarium_subvault_window,
          aquarium_subvault_window, aquarium_subvault_bridge,
          aquarium_subvault_bridge], aquarium_window_2, aquarium_window_2,
          aquarium_view_2c, aquarium_pool_2
D:2:      layout_loops_corners, chequers_arboretum, trog_book, uniq_natasha,
          uniq_robin
D:3:      layout_basic, lemuel_round_altar, nicolae_overflow_hidden_temple,
          marbit_many_paths, trog_three_pillars_becter, uniq_grinder

Skill      XL: |  1  2  3  4 |
---------------+-------------+-----
Long Blades    | 2 3 |  3.8
Stealth        | 1 |  1.2
Armour         | 2 |  2.6
Dodging        | 1 |  1.1
Fighting       | |  3.6
Slings         | |  0.2
Shields        | |  0.3
Invocations    | |  2.6

Action                   |  1- 3 |  4- 6 || total
-------------------------+-------+-------++-------
Melee: Falchion          |    57 |   106 ||   163
       Headbutt          |     7 |    17 ||    24
 Fire: Hunting sling     |       |    25 ||    25
Invok: Depart the Abyss  |     1 |       ||     1
  Use: Potion            |       |     1 ||     1
  Eat: Chunk             |     1 |     3 ||     4
Armor: Leather armour    |     7 |       ||     7
       Ring mail         |    15 |    34 ||    49
Dodge: Dodged            |    28 |    28 ||    56
Block: Shield            |    10 |    38 ||    48
       Rpst.: Falchion   |    12 |     4 ||    16
